 Dungeon Sprint DCSS version 0.26.1-2-gb8aa6d0cf2 (webtiles) character file.

Game seed: 8795135833490910972

15554 Groucho the Spry (level 12, -20/65 HPs)
             Began as a Spriggan Enchanter on Mar 9, 2021.
             Was the Champion of Dithmenos.
             Killed from afar by a nagaraja (51 damage)
             ... with a poison arrow
             ... in the Dungeon (Sprint VII: "The Pits").
             The game lasted 00:25:21 (8393 turns).

Groucho the Spry (Spriggan Enchanter)               Turns: 8393, Time: 00:25:22

Health: -20/65     AC:  9    Str: 13    XL:     12   Next: 2%
Magic:  21/26      EV: 35    Int: 19    God:    Dithmenos [******]
Gold:   22         SH:  0    Dex: 20    Spells: 23/35 levels left

rFire    . . .     SeeInvis +   s - +6 rapier (elec)
rCold    . . .     Faith    .   (shield restricted)
rNeg     . . .     Spirit   .   t - +4 steam dragon scales
rPois    .         Reflect  .   (helmet restricted)
rElec    +         Harm     .   (no cloak)
rCorr    .         Rampage  .   (gloves unavailable)
Will     ++...     NoTele   +   (boots unavailable) Stlth *+++++++++
                                (no amulet)
HPRegen  0.20/turn              q - +3 ring of strength
MPRegen  0.20/turn              r - +3 ring of dexterity

@: lethally poisoned (-20 -> -33), wreathed by umbra, very quick
A: very small, unfitting armour, see invisible, speed 3, low mp 1, electricity
resistance, strong 2
a: Renounce Religion, Shadow Step, Shadow Form


You were in the Dungeon.
You worshipped Dithmenos.
Dithmenos was exalted by your worship.
You visited 1 branch You collected 22 gold pieces.

Inventory:

Hand Weapons
 c - a +2 dagger
 o - a +0 dagger of electrocution
 s - a +6 rapier of electrocution (weapon)
Missiles
 n - 41 stones (quivered)
Armour
 t - +4 steam dragon scales (worn)
Jewellery
 q - a +3 ring of strength (left hand)
 r - a +3 ring of dexterity (right hand)
 A - an uncursed ring of protection from fire
 B - an uncursed ring of protection from cold
Wands
 a - a wand of digging (5)
Scrolls
 k - 3 scrolls of remove curse
 l - 5 scrolls of amnesia
 m - a scroll of summoning
 u - a scroll of fog
 w - 3 scrolls of identify
 y - 2 scrolls of magic mapping
Potions
 d - 12 potions of curing
 e - 10 potions of heal wounds
 f - a potion of haste
 g - 4 potions of magic
 h - 4 potions of berserk rage
 i - a potion of brilliance
 j - 2 potions of invisibility
 z - a potion of might


   Skills:
 + Level 8.7 Fighting
 + Level 12.4 Short Blades
 * Level 18.5 Dodging
 - Level 15.0 Stealth
 + Level 12.2 Spellcasting
 + Level 7.4 Conjurations
 - Level 14.0 Hexes
 - Level 6.3 Ice Magic
 * Level 8.4 Invocations


You had 23 spell levels left.
You knew the following spells:

 Your Spells              Type           Power        Failure   Level
a - Corona                Hex            65%          1%          1
b - Ensorcelled Hibernat  Hex/Ice        100%         1%          2
c - Confusing Touch       Hex            59%          1%          3
d - Tukima's Dance        Hex            59%          1%          3
e - Dazzling Flash        Conj/Hex       100%         1%          3

Your spell library contained the following spells:

 Spells                   Type           Power        Failure   Level
 Animate Skeleton         Necr           22%          6%          1
 Pain                     Necr           44%          6%          1
 Vampiric Draining        Necr           5%           19%         3
 Animate Dead             Necr           5%           52%         4
 Agony                    Necr           11%          86%         5


Dungeon Overview and Level Annotations

Branches:
Dungeon (1/1)

Altars:
Ashenzari
Cheibriados
Dithmenos
Elyvilon
Fedhas
Gozag
Hepliaklqana
Kikubaaqudgha
Makhleb
Nemelex Xobeh
Okawaru
Qazlal
Ru
Sif Muna
Trog
Uskayaw
Vehumet
Wu Jian
Xom
Yredelemnul
Zin
The Shining One
Beogh
Jiyva
Lugonu


Innate Abilities, Weirdness & Mutations

You are very small and have problems with some larger weapons.
You are too small for most types of armour.
You have supernaturally acute eyesight. (SInv)
You cover ground extremely quickly.
Your magical capacity is low. (-10% MP)
You are resistant to electric shocks. (rElec)
Your muscles are very strong. (Str +4)


Message History

Throw: 41 stones
Press: ? - help, Q - select action, (/) - cycle Shift-Dir - straight line, f/p - nagaraja
Aim: a nagaraja, wearing a +0 robe (umbra, 66% to hit)
Okay, then.
Casting: Ensorcelled Hibernation (safe; 1% risk of failure)
Confirm with . or Enter, or press ? or * to list all spells.
The nagaraja is dazzled.
Unknown command.
Unknown command.
You strike the helpless nagaraja from behind!
You impale the nagaraja!!
The nagaraja is moderately wounded.
Your shadow hits the nagaraja with a rapier.
You puncture the nagaraja! Lightning courses through the nagaraja!
The nagaraja is severely wounded.
The nagaraja points at you and mumbles some strange words.
The poison arrow hits you!!!
You are poisoned.
Ouch! That really hurt!
You die...

...... #..############# ......
#..# #§§ ###### #..# #§N
######### #..# ### ....##.)#
#..# ....##..# #..# ....''..#
#..# ....''..##########..# #
....##..........@N..#
....##.........)....#
#####################
############# ##################
...#...'....###..)##....##.....#
.###.).###...#...##......##....#
##.+...+.##..Y..####....####...#
#..##+##).##YY.##..##..##..##..#
..##...##..+...#............#..#


You could see a nagaraja (blind).

Vanquished Creatures
  A rakshasa (D)
  Harold (D)
  2 hydras (D)
  A merfolk avatar (D)
  A death yak (D)
  A shadow wraith (D)
  2 unseen horrors (D)
  A deep troll (D)
  A swamp dragon (D)
  A phantasmal warrior (D)
  2 cyclopes (D)
  2 wolf spiders (D)
  Maurice (D)
  A black mamba (D)
  An orange demon (D)
  A molten gargoyle (D)
  A gargoyle (D)
  A rime drake (D)
  A komodo dragon (D)
  A freezing wraith (D)
  2 demonic crawlers (D)
  A jumping spider (D)
  A tyrant leech (D)
  A hornet (D)
  6 slime creatures (D)
  A wraith (D)
  2 flying skulls (D)
  A redback (D)
  A spriggan (D)
  2 yaks (D)
  A vampire (D)
  2 vampire mosquitoes (D)
  2 steam dragons (D)
  2 acid dragons (D)
  A floating eye (D)
  Purgy (D)
  A swamp drake (D)
  A phantom (D)
  A centaur (D)
  2 wolves (D)
  A small abomination (D)
  A hound (D)
  A worker ant (D)
  2 mummies (D)
  2 adders (D)
  3 gnolls (D)
  A white imp (D)
  An ufetubus (D)
  An adder skeleton (D)
  A worm (D)
  A leopard gecko (D)
  An orc (D)
  2 ball pythons (D)
  A giant cockroach (D)
  3 goblins (D)
  2 quokkas (D)
80 creatures vanquished.

Notes
Turn   | Place    | Note
-------+----------+-------------------------------------------
     0 | D        | Groucho the Spriggan Enchanter began the quest for the Orb.
     0 | D        | Reached XP level 1. HP: 9/9 MP: 5/5
     9 | D        | Noticed a floating eye
    11 | D        | Paralysed by a floating eye for 2 turns
    19 | D        | Paralysed by a floating eye for 4 turns
    32 | D        | Paralysed by a floating eye for 2 turns
    34 | D        | Killed a floating eye
    35 | D        | Reached XP level 2. HP: 13/13 MP: 6/6
    35 | D        | Reached XP level 3. HP: 16/16 MP: 8/8
    35 | D        | Reached XP level 4. HP: 21/21 MP: 9/9
    62 | D        | Found a bloodstained altar of Trog.
    62 | D        | Found a shimmering blue altar of Sif Muna.
    62 | D        | Found a viscous altar of Jiyva.
    62 | D        | Found a hazy altar of Hepliaklqana.
    62 | D        | Found an opulent altar of Gozag.
    63 | D        | Found a glowing golden altar of the Shining One.
    63 | D        | Found a glowing silver altar of Zin.
    63 | D        | Found a basalt altar of Yredelemnul.
    63 | D        | Found a shimmering altar of Xom.
    63 | D        | Found an ornate altar of the Wu Jian Council.
    63 | D        | Found a sacrificial altar of Ru.
    63 | D        | Found a stormy altar of Qazlal.
    63 | D        | Found an iron altar of Okawaru.
    63 | D        | Found a sparkling altar of Nemelex Xobeh.
    63 | D        | Found a burning altar of Makhleb.
    63 | D        | Found a blossoming altar of Fedhas.
    63 | D        | Found a white marble altar of Elyvilon.
    63 | D        | Found a shadowy altar of Dithmenos.
    63 | D        | Found a snail-covered altar of Cheibriados.
    65 | D        | Found a radiant altar of Vehumet.
    65 | D        | Found a corrupted altar of Lugonu.
    65 | D        | Found a roughly hewn altar of Beogh.
    66 | D        | Found a hide-covered altar of Uskayaw.
    66 | D        | Found an ancient bone altar of Kikubaaqudgha.
    66 | D        | Found a broken altar of Ashenzari.
    78 | D        | Became a worshipper of Dithmenos the Shadowed
   346 | D        | Learned a level 2 spell: Ensorcelled Hibernation
   350 | D        | Learned a level 3 spell: Confusing Touch
   361 | D        | Reached * piety under Dithmenos
   701 | D        | Reached skill level 1 in Fighting
   701 | D        | Reached XP level 5. HP: 25/25 MP: 4/10
  1045 | D        | Noticed a flying skull
  1049 | D        | Killed a flying skull
  1049 | D        | Reached ** piety under Dithmenos
  1050 | D        | Reached skill level 5 in Dodging
  1050 | D        | Reached skill level 15 in Stealth
  1050 | D        | Reached XP level 6. HP: 32/32 MP: 10/14
  1405 | D        | Learned a level 3 spell: Tukima's Dance
  1409 | D        | Learned a level 3 spell: Dazzling Flash
  1436 | D        | Reached skill level 6 in Dodging
  1766 | D        | Reached skill level 5 in Spellcasting
  1767 | D        | Reached *** piety under Dithmenos
  1768 | D        | Reached skill level 7 in Dodging
  1768 | D        | Reached skill level 1 in Conjurations
  1768 | D        | Reached skill level 1 in Ice Magic
  2022 | D        | Reached **** piety under Dithmenos
  2024 | D        | Noticed a freezing wraith
  2034 | D        | Killed a freezing wraith
  2035 | D        | Reached skill level 8 in Dodging
  2035 | D        | Reached XP level 7. HP: 37/37 MP: 13/17
  2501 | D        | Reached skill level 9 in Dodging
  2501 | D        | Reached ***** piety under Dithmenos
  2506 | D        | Noticed an unseen horror
  2521 | D        | Killed an unseen horror
  2522 | D        | Reached skill level 10 in Dodging
  2522 | D        | Reached XP level 8. HP: 25/42 MP: 8/19
  2567 | D        | Gained mutation: You evolve. [potion of mutation]
  2567 | D        | Gained mutation: Your body sometimes deteriorates upon
                  | taking damage. [potion of mutation]
  2567 | D        | Gained mutation: You passively map a small area around you.
                  | [potion of mutation]
  2568 | D        | Lost mutation: Your body sometimes deteriorates upon taking
                  | damage. [potion of mutation]
  2568 | D        | Lost mutation: You passively map a small area around you.
                  | [potion of mutation]
  2568 | D        | Lost mutation: You evolve. [potion of mutation]
  2568 | D        | Gained mutation: Your muscles are strong. (Str +2) [potion
                  | of mutation]
  2568 | D        | Gained mutation: Your magical capacity is low. (-10% MP)
                  | [potion of mutation]
  2568 | D        | Gained mutation: Your muscles are very strong. (Str +4)
                  | [potion of mutation]
  2568 | D        | Gained mutation: You are resistant to electric shocks.
                  | (rElec) [potion of mutation]
  2947 | D        | Noticed a wolf spider
  2949 | D        | Killed a wolf spider
  2950 | D        | Reached skill level 11 in Dodging
  2950 | D        | Reached skill level 10 in Hexes
  2985 | D        | Noticed a swamp dragon
  2986 | D        | Noticed a deep troll
  2987 | D        | Killed a swamp dragon
  2988 | D        | Reached skill level 5 in Fighting
  2988 | D        | Reached skill level 12 in Dodging
  2988 | D        | Reached XP level 9. HP: 43/47 MP: 14/20
  2989 | D        | Killed a deep troll
  3397 | D        | Reached skill level 10 in Short Blades
  3411 | D        | Noticed a komodo dragon
  3413 | D        | Killed a komodo dragon
  3414 | D        | Reached skill level 13 in Dodging
  3550 | D        | Noticed Purgy
  3550 | D        | Noticed a cyclops
  3553 | D        | Killed a cyclops
  3554 | D        | Reached skill level 5 in Ice Magic
  3554 | D        | Killed Purgy
  3555 | D        | Reached XP level 10. HP: 49/53 MP: 16/21
  3562 | D        | Noticed a cyclops
  3562 | D        | Noticed a phantasmal warrior
  3565 | D        | Killed a phantasmal warrior
  3568 | D        | Reached skill level 14 in Dodging
  3574 | D        | Killed a cyclops
  3575 | D        | Reached skill level 5 in Conjurations
  3575 | D        | Noticed an orange demon
  3576 | D        | Noticed a gargoyle
  3945 | D        | Noticed a black mamba
  3946 | D        | Noticed an eight-headed hydra
  3953 | D        | Killed a black mamba
  3963 | D        | Noticed a molten gargoyle
  3965 | D        | Killed a molten gargoyle
  3966 | D        | Reached skill level 10 in Spellcasting
  3967 | D        | Killed an eight-headed hydra
  3968 | D        | Reached skill level 15 in Dodging
  4147 | D        | Killed an orange demon
  4160 | D        | Killed a gargoyle
  4474 | D        | Noticed an unseen horror
  4557 | D        | Reached skill level 1 in Invocations
  4727 | D        | Noticed a seven-headed hydra
  4866 | D        | Killed a seven-headed hydra
  4867 | D        | Reached skill level 16 in Dodging
  4867 | D        | Reached XP level 11. HP: 54/58 MP: 16/24
  5014 | D        | Noticed a merfolk avatar
  5031 | D        | Killed an unseen horror
  5040 | D        | Killed a merfolk avatar
  5204 | D        | Noticed a shadow wraith
  5207 | D        | Killed a shadow wraith
  5208 | D        | Reached skill level 5 in Invocations
  5215 | D        | Noticed a death yak
  5215 | D        | Noticed a death yak
  5215 | D        | Noticed a death yak
  5928 | D        | Noticed a death yak
  6214 | D        | Reached skill level 17 in Dodging
  6225 | D        | Killed a death yak
  7304 | D        | Noticed a merfolk avatar
  7304 | D        | Noticed a death knight
  7304 | D        | Noticed a two-headed ogre
  7361 | D        | Noticed Harold
  7361 | D        | Noticed a rakshasa
  7385 | D        | Killed Harold
  7432 | D        | Killed a rakshasa
  7945 | D        | Noticed Maurice
  7949 | D        | Killed Maurice
  7952 | D        | Reached skill level 18 in Dodging
  7955 | D        | Reached ****** piety under Dithmenos
  7985 | D        | Noticed a wolf spider
  7987 | D        | Killed a wolf spider
  7989 | D        | Reached XP level 12. HP: 56/65 MP: 18/26
  8246 | D        | Noticed a nagaraja
  8246 | D        | Noticed an orc warlord
  8246 | D        | Noticed an orc warlord
  8393 | D        | Killed from afar by a nagaraja

Illustrated notes

Levels and vault maps discovered:
D:        pitsprint [storerooms_1, entrance_room_1, metal_vault_6, armoury_2,
          mini_pit_1, grid_room_1, main_hall_1, silver_pit, the_coven_1,
          the_vestibule_1, steel_vault_3, golden_pit, hallway_of_sentries,
          crystal_vault_2, iron_vault_2, final_vault]

Skill      XL: |  1  2  3  4  5  6  7  8  9 10 11 |
---------------+----------------------------------+-----
Stealth        | 13 14 15 | 15.0
Fighting       | 1 2 3 4 5 6 7 8 |  8.7
Spellcasting   | 3 4 6 7 8 9 10 12 | 12.2
Hexes          | 4 6 8 9 10 12 14 | 14.0
Short Blades   | 3 6 7 9 10 11 12 | 12.4
Dodging        | 5 8 10 12 13 16 18 | 18.5
Conjurations   | 1 3 4 6 7 |  7.4
Ice Magic      | 2 3 4 5 6 |  6.3
Invocations    | 2 8 |  8.4

Action                   |  1- 3 |  4- 6 |  7- 9 | 10-12 || total
-------------------------+-------+-------+-------+-------++-------
Melee: Dagger            |    17 |    50 |     7 |       ||    74
       Rapier            |       |       |    11 |   179 ||   190
 Cast: Ensorcelled Hiber |       |    11 |     6 |    24 ||    41
       Corona            |       |     2 |       |     3 ||     5
       Confusing Touch   |       |     3 |       |    17 ||    20
       Dazzling Flash    |       |       |       |     5 ||     5
       Tukima's Dance    |       |       |       |     1 ||     1
Invok: Shadow Step       |       |       |     8 |    16 ||    24
       Shadow Form       |       |       |       |     1 ||     1
  Use: Potion            |       |     1 |     3 |     4 ||     8
       Scroll            |       |       |       |    10 ||    10
 Stab: Sleeping          |       |    11 |    18 |    32 ||    61
       Confused          |       |     3 |       |    10 ||    13
       Invisible         |       |       |       |     7 ||     7
Armor: Robe              |       |     1 |       |       ||     1
       Steam dragon scal |       |       |       |     6 ||     6
Dodge: Dodged            |       |    38 |    12 |   105 ||   155
